 Dungeon Crawl Stone Soup version 0.18-a0-1805-g8ab820f (webtiles) character file.

847 dvd the Slinger (level 7, -5/57 HPs)
             Began as a Minotaur Hunter on Apr 26, 2016.
             Was a Believer of Okawaru.
             Killed by divine providence
             ... invoked by an orc priest
              (15 damage)
             ... on level 5 of the Dungeon.
             The game lasted 00:14:05 (4612 turns).

dvd the Slinger (Minotaur Hunter)                   Turns: 4612, Time: 00:14:06

Health: -5/57      AC:  8    Str: 17    XL:     7   Next: 68%
Magic:  4/6        EV: 14    Int:  8    God:    Okawaru [**....]
Gold:   160        SH:  7    Dex: 12    Spells: 0 memorised, 6 levels left

rFire  . . .     SeeInvis .     b - +1 spear (flame)
rCold  . . .     Gourm    .     D - +0 scale mail
rNeg   . . .     Faith    .     h - +2 buckler
rPois  .         Spirit   .     (helmet restricted)
rElec  .         Dismiss  .     (no cloak)
rCorr  .         Reflect  .     (no gloves)
SustAt .         Harm     .     (no boots)
MR     .....                    (no amulet)
Stlth  +.........               (no ring)
                                (no ring)

@: heroism, flying, not resistant to hostile enchantments, very unstealthy
A: retaliatory headbutt, horns 2
a: Heroism, Renounce Religion


You were on level 5 of the Dungeon.
You worshipped Okawaru.
Okawaru was pleased with you.
You were not hungry.

You visited 1 branch of the dungeon, and saw 5 of its levels.
You also visited: Sewer.

You collected 209 gold pieces.
You spent 49 gold pieces at shops.

Inventory:

Hand Weapons
 a - a +4 hunting sling of evasion
 b - a +1 spear of flaming (weapon)
Missiles
 g - 78 stones (quivered)
 k - 9 tomahawks
Armour
 h - a +2 buckler (worn)
 j - a +0 plate armour
 D - a +0 scale mail (worn)
Wands
 t - a wand of iceblast (7/15)
Scrolls
 e - 8 scrolls of identify
 o - a scroll of random uselessness {unknown}
 p - 4 scrolls of teleportation {unknown}
 q - 2 scrolls of enchant armour {unknown}
 r - a scroll of enchant weapon {unknown}
 s - 2 scrolls of amnesia {unknown}
 u - a scroll of blinking {unknown}
 y - 2 scrolls of fear {unknown}
 B - 2 scrolls of remove curse {unknown}
Potions
 i - a potion of curing
 m - 2 potions of flight
 n - a potion of ambrosia {unknown}
 v - a potion of magic {unknown}
 x - a potion of heal wounds {unknown}
 z - a potion of brilliance {unknown}
Books
 A - a book of Misfortune

   Spells                             Type                      Level
   a - Confusing Touch                Hexes                        2
   b - Confuse                        Hexes                        3
   c - Gell's Gravitas                Hexes/Translocation          3
   d - Petrify                        Transmutation/Earth          4
   e - Metabolic Englaciation         Hexes/Ice                    5
   f - Yara's Violent Unravelling     Hexes/Transmutation          5
Comestibles
 f - 2 bread rations
 l - 3 royal jellies


   Skills:
 + Level 3.4(8.4) Fighting
 + Level 1.0(6.0) Polearms
 + Level 8.0(13.0) Slings
 + Level 4.4(9.4) Armour
 + Level 4.2(9.2) Dodging
 + Level 1.5(6.5) Stealth
 + Level 1.6(6.6) Shields
 + Level 0.2 Invocations


You had 6 spell levels left.
You didn't know any spells.

Dungeon Overview and Level Annotations

Branches:
Dungeon (5/15)
 Temple: D:4-7

Altars:
Elyvilon
Okawaru
Trog

Shops:
D:5 *


Innate Abilities, Weirdness & Mutations

You reflexively headbutt those who attack you in melee.
You have a pair of horns on your head.


Message History

You fly up into the air.
Wield which item (- for none, * to show all)? (? for menu, Esc to quit)
You feel like more of a target.
It bursts into flame!
b - a +1 spear of flaming (weapon)
The orc priest invokes the aid of Beogh against you.
Pain shoots through your body!
* * * LOW HITPOINT WARNING * * *
You gain the combat prowess of a mighty hero.
You feel slightly more hungry. The orc priest completely misses you.
You furiously retaliate!
You headbutt the orc priest! You puncture the orc priest!
You burn the orc priest.
You kill the orc priest!
Okawaru accepts your kill. The orc priest closely misses you.
The orc barely misses you.
Things that are here:
a whip; a leather armour; an orc corpse You completely miss the orc priest.
The orc priest calls down the wrath of Beogh upon you.
Beogh smites you!
You die...

#. ..... .# #. .(... .#
#. ...(.####.####### #.
...(............# #####.
...(((..........###...#.
...#.)).........#.....#.
.....(.(................
#..o@........#.....#.
#..o.(.......#.....#.
#.:(.........###...#.
#########............
########...#. ....#.
##...#. #..... ####..


You could see an orc priest and an orc.

Vanquished Creatures
  An ogre (D:5)
  A centaur (D:5)
  A giant frog (D:5)
  A howler monkey (D:4)
  A crimson imp (D:5)
  4 orc priests
  A gnoll shaman (D:4)
  An orc wizard (D:5)
  2 worker ants (D:4)
  A hound skeleton (D:4)
  8 gnolls
  8 adders
  4 river rats (Sewer)
  An ooze (D:2)
  An adder zombie (D:5)
  3 worms
  3 dart slugs
  8 giant geckos (D:3)
  8 orcs
  3 ball pythons (Sewer)
  9 bats
  3 giant cockroaches
  7 goblins
  10 hobgoblins
  3 jackals (D:4)
  A quokka (D:4)
  9 giant newts
  6 kobolds
  14 rats
123 creatures vanquished.

Notes
Turn   | Place    | Note
--------------------------------------------------------------
     0 | D:1      | dvd the Minotaur Hunter began the quest for the Orb.
     0 | D:1      | Reached XP level 1. HP: 18/18 MP: 0/0
   267 | D:1      | Reached XP level 2. HP: 25/25 MP: 1/1
   300 | D:1      | Reached skill level 5 in Slings
   604 | D:1      | Reached XP level 3. HP: 30/30 MP: 2/2
  1171 | D:2      | Found an iron altar of Okawaru.
  1178 | D:2      | Reached skill level 1 in Armour
  1178 | D:2      | Reached XP level 4. HP: 28/37 MP: 3/3
  1182 | D:2      | Became a worshipper of Warmaster Okawaru
  1576 | D:3      | Reached skill level 6 in Slings
  1577 | D:3      | Found a white marble altar of Elyvilon.
  1802 | D:3      | Reached skill level 1 in Stealth
  1886 | D:3      | Reached XP level 5. HP: 38/42 MP: 4/4
  1955 | D:3      | Found a bloodstained altar of Trog.
  2103 | D:3      | Found a glowing drain.
  2168 | Sewer    | Entered a sewer
  2178 | Sewer    | Reached * piety under Okawaru
  2468 | Sewer    | Reached skill level 1 in Shields
  3017 | D:4      | Reached skill level 7 in Slings
  3017 | D:4      | Reached XP level 6. HP: 50/50 MP: 5/5
  4328 | D:5      | Entered Level 5 of the Dungeon
  4334 | D:5      | Found Vugowentyd's Assorted Antiques.
  4365 | D:5      | Bought a glowing hunting sling for 49 gold pieces
  4417 | D:5      | Reached skill level 1 in Polearms
  4417 | D:5      | Reached XP level 7. HP: 35/57 MP: 3/6
  4438 | D:5      | HP: 2/57 [centaur (7)]
  4581 | D:5      | Reached ** piety under Okawaru
  4599 | D:5      | Reached skill level 8 in Slings
  4612 | D:5      | Killed from afar by an orc priest

Vault maps used:
D:1:      dpeg_arrival_lava_temple_mockup
D:2:      okawaru_gym_becter
D:3:      grunt_temple_overflow_open, gup_sewer_entry_pipe
D:4:      first_bread
D:5:      ashenzari_altar_1, serial_shops, nicolae_shop_crystal
Sewer:    sewer_co_cracked_pipes

Skill      XL: |  1  2  3  4  5  6  7 |
---------------+----------------------+-----
Slings         | 5 6 7 8 |  8.0
Armour         | 1 2 3 4 |  4.4
Stealth        | 1 |  1.5
Dodging        | 3 4 |  4.2
Shields        | 1 |  1.6
Fighting       | 3 |  3.4
Polearms       | 1 |  1.0
Invocations    | |  0.2

Action                   |  1- 3 |  4- 6 |  7- 9 || total
-------------------------+-------+-------+-------++-------
Melee: Spear             |       |   137 |    11 ||   148
       Short sword       |       |     1 |       ||     1
       Headbutt          |       |    20 |     1 ||    21
 Fire: Hunting sling     |    93 |   128 |    31 ||   252
Invok: Heroism           |       |     2 |     1 ||     3
  Use: Potion            |       |       |     3 ||     3
       Scroll            |       |       |     1 ||     1
  Eat: Chunk             |       |     9 |     1 ||    10
       Royal jelly       |       |     1 |       ||     1
Armor: Leather armour    |     6 |     8 |       ||    14
       Ring mail         |       |    26 |     2 ||    28
Dodge: Dodged            |    11 |    86 |     6 ||   103
Block: Buckler           |     6 |    35 |     5 ||    46
